 Dungeon Crawl Stone Soup version 0.28.0-53-g5a82cb258f (webtiles) character file.

Game seed: 8110051326636372049

49 Peloso the Covered (level 3, 0/33 HPs)
             Began as a Minotaur Fighter on July 3, 2022.
             Slain by Sigmund
             ... wielding a +0 scythe
              (11 damage)
             ... on level 3 of the Dungeon.
             The game lasted 00:03:06 (1850 turns).

Peloso the Covered (Minotaur Fighter)               Turns: 1850, Time: 00:03:07

Health: 0/33       AC:  9    Str: 20    XL:     3   Next: 53%
Magic:  2/2        EV:  7    Int:  5    God:
Gold:   83         SH:  0    Dex: 11    Spells: 2/2 levels left

rFire   + . .      SeeInvis .   a - +1 long sword
rCold   . . .      Faith    .   c - +0 buckler
rNeg    . . .      Spirit   .   h - +0 chain mail
rPois   .          Reflect  .   (helmet restricted)
rElec   .          Harm     .   (no cloak)
rCorr   .          Rampage  .   (no gloves)
Will    .....                   (no boots)
Stlth   ..........              (no amulet)
HPRegen 0.11/turn               e - ring of protection from fire
MPRegen 0.08/turn               (no ring)

@: confused
A: horns 2, retaliatory headbutt
a: no special abilities


You were on level 3 of the Dungeon.
You visited 1 branch of the dungeon, and saw 3 of its levels.

You collected 83 gold pieces.

Inventory:

Hand Weapons
 a - a +1 long sword (weapon)
Armour
 b - a +0 scale mail
 c - a +0 buckler (worn)
 h - a +0 chain mail (worn)
Jewellery
 e - a ring of protection from fire (left hand)
Scrolls
 g - a scroll of enchant armour {unknown}
Potions
 d - a potion of might
 f - 2 potions of flight


   Skills:
 + Level 4.1 Fighting
 + Level 3.4 Long Blades
 + Level 4.1 Armour
 + Level 0.7 Dodging
 + Level 3.8 Shields


You had 2 spell levels left.
You didn't know any spells.
Your spell library was empty.

Dungeon Overview and Level Annotations

Branches:
Dungeon (3/15)

Altars:

Annotations:
D:3 Sigmund


Innate Abilities, Weirdness & Mutations

You have a pair of horns on your head.
You reflexively headbutt those who attack you in melee.


Message History

The orc hits you but does no damage.
You hit the orc.
The orc is almost dead.
The orc closely misses you. The orc completely misses you.
You barely miss the orc.
The orc is almost dead.
The orc hits you but does no damage.
You hit the orc.
You kill the orc!
Things that are here:
a +0 whip; a +0 ring mail; an orc corpse
There is a stone staircase leading down here.
You now have 83 gold pieces (gained 16).
A ball python comes into view.
A ball python is nearby!
A ball python is nearby!
A ball python is nearby!
You hit the ball python.
You kill the ball python!
You see here a ball python corpse.
Sigmund the Dreaded comes into view.
He is wielding a +0 scythe and carrying a wand of flame (24).
Sigmund shouts!
Sigmund moves out of view.
Sigmund points at you and mumbles some strange words.
The magic dart hits you.
Sigmund gestures wildly while chanting.
Sigmund flickers and vanishes!
Deactivating autopickup; reactivate with Ctrl-A.
You hear some strange, mumbled words.
You are confused.
Something hits you!
You're too confused to move!
Something hits you!
You miss something.
You're too confused to move!
Something hits you but does no damage.
You completely miss something.
You hear a zap.
A puff of flame appears from out of thin air!
The puff of flame hits you. You resist.
You barely miss something. Something hits you!
You die...

######### #.......####
#############.#.@{......
..............#.........
...........†............
###############.........
.<......#... ..........
#.#..##.#.##############
.............
#.#.#.#.#.#. #.#.....#.#


There were no monsters in sight!

Vanquished Creatures
  An adder (D:2)
  A worm (D:2)
  An orc (D:3)
  An endoplasm (D:2)
  A giant cockroach (D:1)
  4 goblins
  2 hobgoblins
  2 jackals (D:2)
  3 kobolds
  3 quokkas
  4 ball pythons
  4 bats
  4 frilled lizards
  2 rats
33 creatures vanquished.

Notes
Turn   | Place    | Note
-------+----------+-------------------------------------------
     0 | D:1      | Peloso the Minotaur Fighter began the quest for the Orb.
     0 | D:1      | Reached XP level 1. HP: 19/19 MP: 0/0
     1 | D:1      | Noticed an electric eel
   485 | D:1      | Found a faded altar of an unknown god.
   513 | D:1      | Reached XP level 2. HP: 27/27 MP: 1/1
   999 | D:2      | Reached XP level 3. HP: 32/33 MP: 2/2
  1367 | D:2      | Identified the +2 robe of the Gravedigger {Fly rF+ rN+}
  1841 | D:3      | Noticed Sigmund
  1850 | D:3      | Slain by Sigmund

Illustrated notes

Levels and vault maps discovered:
D:1:      arrival_aquarium_a, layout_loops_cross,
          ebering_ecumenical_altar_abandoned, lemuel_old_faithful
D:2:      layout_basic
D:3:      layout_basic, marbit_many_paths, chequers_mini_garden, uniq_sigmund

Skill      XL: |  1  2 |
---------------+-------+-----
Fighting       | 4 |  4.1
Armour         | 4 |  4.1
Long Blades    | 3 |  3.4
Dodging        | |  0.7
Shields        | |  3.8

Action                   || total
-------------------------++-------
Melee: Long sword        ||    82
       Headbutt          ||     9
  Use: Scroll            ||     3
       Potion            ||     3
Armor: Scale mail        ||    32
       Chain mail        ||     7
Dodge: Dodged            ||    47
Block: Buckler           ||    28
